 Dungeon Crawl Stone Soup version 0.28-b1-1-g3c77fb2ed1 (webtiles) character file.

Game seed: 794901576411456657

4 croobank the Sneak (level 1, 0/10 HPs)
             Began as a Felid Delver on Jan 30, 2022.
             Slain by a bat (1 damage)
             ... on level 2 of the Dungeon.
             The game lasted 00:04:01 (439 turns).

croobank the Sneak (Felid Delver)                    Turns: 439, Time: 00:04:02

Health: 0/10       AC:  1    Str:  8    XL:     1   Next: 50%
Magic:  2/2        EV: 17    Int: 11    God:
Gold:   7          SH:  0    Dex: 17    Spells: 0/0 levels left
                                        Lives:  0   Deaths: 0

rFire   . . .      SeeInvis +     - Unarmed
rCold   . . .      Faith    .   (shield unavailable)
rNeg    . . .      Spirit   .   (armour unavailable)
rPois   .          Reflect  .   (helmet unavailable)
rElec   .          Harm     .   (cloak unavailable)
rCorr   .          Rampage  .   (gloves unavailable)
Will    .....                   (boots unavailable)
Stlth   ++++......              (no amulet)
HPRegen 0.03/turn               (no ring)
MPRegen 0.08/turn               (no ring)

@: quick
A: very small, claws 1, fangs 3, see invisible, speed 1, shaggy fur 1, stealthy
paws, no weapons or thrown items, no armour, multi-lived
a: no special abilities


You were on level 2 of the Dungeon.
You visited 1 branch of the dungeon, and saw 4 of its levels.

You collected 7 gold pieces.

Inventory:

Wands
 e - a wand of digging (2)
Scrolls
 a - 2 scrolls of fog
 c - a scroll of identify {unknown}


   Skills:
 + Level 3.0 Fighting
 + Level 2.7 Dodging
 + Level 6.8 Stealth
 + Level 2.0 Unarmed Combat


You couldn't memorise any spells.
You didn't know any spells.
Your spell library was empty.

Dungeon Overview and Level Annotations

Branches:
Dungeon (5/15)
 Temple: D:4-7

Altars:

Annotations:
D:3 1 runed translucent door


Innate Abilities, Weirdness & Mutations

You have sharp claws.
You have razor-sharp teeth.
You have supernaturally acute eyesight. (SInv)
You cover ground quickly. (Speed+)
You are covered in fur. (AC +1)
Your paws help you pounce on unaware monsters.
You are incapable of wielding weapons or throwing items.
You cannot wear armour.
You gain extra lives every three experience levels.


Message History

You mangle the ball python!!
You kill the ball python!
You start resting.
Your extra speed is starting to run out.
You feel yourself slow down.
Found a book of Conjurations.
An adder comes into view.
Found a stone staircase leading down.
The adder hisses angrily.
A hobgoblin comes into view.
Attack: -) Teeth and claws
Press: ? - help, Dir - move target, f - you
Okay, then.
Aiming: Dig
Press: ? - help, Shift-Dir - straight line You can't see that place. [the floor.]
The rock shatters into small pieces.
The hobgoblin shouts!
The adder bites you.
* * * LOW HITPOINT WARNING * * *
The adder barely misses you.
An endoplasm comes into view.
The endoplasm moves out of view.
A bat comes into view.
Found 32 stones.
A ball python comes into view.
Found 4 poisoned darts and a book of Cantrips.
The endoplasm jiggles.
An endoplasm and a goblin come into view.
The ball python hisses angrily.
As you read the scroll labelled MOINNU XORA, it crumbles to dust.
The creatures around you are filled with an inner flame!
It was a scroll of immolation.
The bat hits you.
* * * LOW HITPOINT WARNING * * *
The bat misses you. The adder completely misses you. The bat misses you.
The bat completely misses you. The bat hits you.
You die...

#####.:..# #.....:....
..#......###..........#
..#......#....(.....#.
.....#..#g.##(........
#....#......J......##
...#####..###.......#
#.........###.SS....#
#..#.###...##.g.b..J#
####.##..#.###..@..##
....###.##..###...##
....##..# #.# ##### ...
.......## .# #...#
....#### .# ##..# .##.#
.# ######....## .##.#
#..(....... .##.# #
#.#....##.# .##.#
#.#######.....###>####


You could see an adder (inner flame), 2 endoplasms, a goblin (inner flame), a
bat (inner flame) and a ball python (inner flame).

Vanquished Creatures
  A ball python (D:2)
  A goblin (D:4)
  A kobold (D:4)
3 creatures vanquished.

Notes
Turn   | Place    | Note
-------+----------+-------------------------------------------
     0 | D:5      | croobank the Felid Delver began the quest for the Orb.
     0 | D:5      | Reached XP level 1. HP: 10/10 MP: 2/2
    89 | D:5      | Noticed a jelly
   111 | D:5      | Noticed an iguana
   330 | D:3      | Found a runed translucent door.
   439 | D:2      | Slain by a bat

Illustrated notes

Levels and vault maps discovered:
D:2:      layout_rooms, hangedman_decor_push
D:3:      layout_basic, ebering_ghost_sewer_d, basic_ecumenical_altar,
          minmay_between, uniq_jessica
D:4:      layout_loops_cross, serial_glass, glass_columns_c, glass_columns_a,
          gup_sewer_entry_glass, uniq_sigmund
D:5:      layout_basic

Action                   || total
-------------------------++-------
Melee: Unarmed           ||    13
       Punch             ||     1
Evoke: Wand              ||     1
  Use: Scroll            ||     3
       Potion            ||     1
 Stab: Sleeping          ||     2
Dodge: Dodged            ||    26
